 Dungeon Crawl Stone Soup version 0.31.0-32-g396128a36d (webtiles) character file.

Game seed: 12117270805432587934

248 raph the Chopper (level 6, -3/55 HPs)
             Began as a Hill Orc Fighter on Mar 16, 2024.
             Slain by a hound (6 damage)
             ... on level 4 of the Dungeon.
             The game lasted 00:04:32 (3104 turns).

raph the Chopper (Hill Orc Fighter)                 Turns: 3104, Time: 00:04:33

Health: -3/55      AC: -6    Str: 19    XL:     6   Next: 12%
Magic:  6/6        EV:  9    Int:  8    God:
Gold:   34         SH:  5    Dex: 18    Spells: 5/5 levels left

rFire   . . .        a - +0 war axe
rCold   . . .        c - +0 buckler
rNeg    . . .        b - +0 scale mail
rPois   .            v - +1 helmet
rElec   .            (no cloak)
rCorr   .            (no gloves)
SInv    .            (no boots)
Will    .....        (no amulet) Stlth
                     g - ring of wizardry
HPRegen 0.29/turn    t - +6 ring of dexterity
MPRegen 0.10/turn

%: wizardry (x1)
@: corroded
A: no striking features
a: no special abilities


You were on level 4 of the Dungeon.
You visited 1 branch of the dungeon, and saw 4 of its levels.

You collected 172 gold pieces.
You spent 138 gold pieces at shops.

Inventory:

Hand Weapons
 a - a +0 war axe (weapon)
Missiles
 j - 4 poisoned darts (quivered)
Armour
 b - a +0 scale mail (worn)
 c - a +0 buckler (worn)
 n - a +0 plate armour
 v - a +1 helmet (worn)
Jewellery
 e - a ring of fire
 g - a ring of wizardry (left hand)
 h - a ring of wizardry
 t - a +6 ring of dexterity (right hand)
 x - a +6 ring of intelligence
Scrolls
 f - a scroll of blinking
 k - a scroll of amnesia {unknown}
Potions
 d - 3 potions of might
 i - a potion of lignification
 l - a potion of haste {unknown}
 m - a potion of berserk rage {unknown}
 o - a potion of mutation {unknown}
 p - 2 potions of degeneration
 q - 3 potions of curing
 r - a potion of invisibility {unknown}
 w - 2 potions of attraction


   Skills:
 + Level 4.8 Fighting
 * Level 5.6 Axes
 + Level 4.3 Armour
 + Level 4.3 Shields


You had 5 spell levels left.
You didn't know any spells.
Your spell library contained the following spells:

 Spells                   Type           Power      Damage    Failure   Level
 Summon Small Mammal      Summ           0%         N/A       50%         1
 Call Canine Familiar     Summ           0%         N/A       86%         3
 Inner Flame              Hex/Fire       0%         N/A       86%         3
 Summon Blazeheart Golem  Fire/Summ      0%         N/A       99%         4
 Irradiate                Conj/Alch      0%         3d11      100%        5
 Ignition                 Fire           0%         3d3       100%        8


Dungeon Overview and Level Annotations

Branches:
Dungeon (4/15)
 Temple: D:4-7

Altars:
Kikubaaqudgha

Shops:
D:3 !   D:4 *

Annotations:
D:4 Cuillere's ghost, amateur GrEE


Message History

* * * LOW HITPOINT WARNING * * *
You hit the jelly but do no damage. The acid corrodes you!
Your hands burn!
* * * LOW HITPOINT WARNING * * *
The jelly is severely wounded.
The jelly barely misses you.
Okay, then.
You hit the jelly.
You kill the jelly!
You have reached level 6!
You start resting.
You hear the hiss of an avalanche of sand.
You start resting.
A kobold comes into view. It is wielding a +0 club.
Found a smoky amethyst potion.
Found a potion of might.
A hound comes into view.
The hound barks!
You hear a shout!
You see here a smoky amethyst potion.
r - a smoky amethyst potion You closely miss the hound.
You block the hound's attack. x2
You hit the hound.
The hound is moderately wounded.
You block the hound's attack. The hound bites you.
* * * LOW HITPOINT WARNING * * *
You hit the hound but do no damage.
The hound is moderately wounded.
The hound pauses to sniff the ground.
The hound bites you.
* * * LOW HITPOINT WARNING * * *
You hit the hound but do no damage.
The hound is moderately wounded.
You block the hound's attack. x2
You closely miss the hound.
The hound is moderately wounded.
The hound barely misses you. The hound bites you.
* * * LOW HITPOINT WARNING * * *
You hit the hound.
The hound is heavily wounded.
The hound bites you.
You die...

#######
..##.....##
......h@..##
...........#
...........###
.............#
...!.......#.#
...........#.#
...........#.#
##. .##
..........##.#
#.. ..#
##.....###.#
#.# #.#


You could see a hound.

Vanquished Creatures
  A bombardier beetle (D:4)
  A jelly (D:4)
  Natasha (twice) (D:3)
  Robin (D:3)
  3 adders
  2 dart slugs (D:2)
  3 ribbon worms
  5 bats
  11 endoplasms
  2 giant cockroaches
  15 goblins
  6 hobgoblins
  6 jackals (D:2)
  6 kobolds
  2 quokkas
  6 ball pythons
  A frilled lizard (D:2)
  6 rats
79 creatures vanquished.

Notes
Turn   | Place    | Note
-------+----------+-------------------------------------------
     0 | D:1      | raph the Hill Orc Fighter began the quest for the Orb.
     0 | D:1      | Reached XP level 1. HP: 19/19 MP: 1/1
   144 | D:1      | Reached skill level 3 in Axes
   150 | D:1      | Found a faded altar of an unknown god.
   183 | D:1      | Reached XP level 2. HP: 27/27 MP: 2/2
   712 | D:2      | Reached XP level 3. HP: 33/33 MP: 3/3
  1091 | D:2      | Reached skill level 4 in Axes
  1156 | D:2      | Reached XP level 4. HP: 35/40 MP: 4/4
  1721 | D:3      | Noticed Robin
  1736 | D:3      | Killed Robin
  2244 | D:3      | Found Vegh's Distillery.
  2251 | D:3      | Reached XP level 5. HP: 47/47 MP: 5/5
  2267 | D:3      | Bought a potion of curing for 36 gold pieces
  2267 | D:3      | Bought a potion of degeneration for 12 gold pieces
  2267 | D:3      | Bought a potion of might for 48 gold pieces
  2373 | D:3      | Noticed Natasha
  2383 | D:3      | Killed Natasha
  2458 | D:3      | Noticed Natasha
  2484 | D:3      | Killed Natasha
  2485 | D:3      | Reached skill level 5 in Axes
  2760 | D:3      | Found an ancient bone altar of Kikubaaqudgha.
  2901 | D:4      | Found Roasurph's Assorted Antiques.
  2904 | D:4      | Bought a scroll of identify for 42 gold pieces
  2987 | D:4      | Noticed an ogre
  2987 | D:4      | Noticed Cuillere's ghost (amateur GrEE)
  3063 | D:4      | Reached XP level 6. HP: 4/55 MP: 6/6
  3103 | D:4      | HP: 2/55 [hound (5)]
  3104 | D:4      | Slain by a hound

Illustrated notes

Levels and vault maps discovered:
D:1:      eino_arrival_cavern_d, layout_loops_ring,
          chequers_ecumenical_altar_simple
D:2:      layout_basic, hangedman_feature_mirror
D:3:      layout_basic, lemuel_coloured_pillars_altar, serial_shops,
          nicolae_shop_tiny_waterfront, cheibrodos_sewer_entry_bend,
          roderic_st_hans_cross, uniq_robin, uniq_natasha
D:4:      layout_rooms, lemuel_doored_altar, nicolae_ossuary_entry_monument,
          serial_shops, nicolae_shop_behind_doors, gammafunk_ghost_smash

Skill      XL: |  1  2  3  4  5 |
---------------+----------------+-----
Axes           | 3 4 5 |  5.6
Fighting       | 4 |  4.8
Shields        | 4 |  4.3
Armour         | 4 |  4.3

Action                     |  1- 3 |  4- 6 || total
---------------------------+-------+-------++-------
  Melee: War axe           |    83 |   137 ||   220
    Use: Scroll            |       |    10 ||    10
 Armour: Scale mail        |    68 |   116 ||   184
  Dodge: Dodged            |    39 |    64 ||   103
  Block: Buckler           |    25 |    43 ||    68
